 Dungeon Crawl Stone Soup version 0.23-a0-625-g1d2cd9b (webtiles) character file.

181 Matador8 the Sneak (level 5, -4/35 HPs)
             Began as a Vampire Enchanter on Dec 24, 2018.
             Slain by Sigmund
             ... wielding a +2 scythe of flaming
              (15 damage)
             ... on level 3 of the Dungeon.
             The game lasted 00:21:07 (3058 turns).

Matador8 the Sneak (Vampire Enchanter)              Turns: 3058, Time: 00:21:08

Health: -4/35      AC:  2    Str:  8    XL:     5   Next: 34%
Magic:  2/8        EV: 12    Int: 18    God:
Gold:   92         SH:  0    Dex: 14    Spells: 5/8 levels left

rFire    . . .     SeeInvis +   a - +1 dagger
rCold    . . .     Gourm    .   (no shield)
rNeg     + . .     Faith    .   b - +0 robe
rPois    .         Spirit   .   (no helmet)
rElec    .         Reflect  .   (no cloak)
rCorr    .         Harm     .   (no gloves)
MR       .....                  (no boots)
Stlth    +++.......             (no amulet)
HPRegen  0.11/turn              (no ring)
MPRegen  0.11/turn              (no ring)

@: slowed, very slow
A: fangs 3, see invisible, unbreathing
a: Bat Form


You were on level 3 of the Dungeon.
You were not thirsty.

You visited 1 branch of the dungeon, and saw 3 of its levels.

You collected 92 gold pieces.

Inventory:

Hand Weapons
 a - a +1 dagger (weapon)
Armour
 b - a +0 robe (worn)
 g - a +0 ring mail
Jewellery
 c - a +3 ring of evasion
Wands
 o - a wand of polymorph (10)
Scrolls
 e - a scroll of random uselessness {unknown}
 f - a scroll of identify {unknown}
 h - a scroll of enchant weapon {unknown}
 j - a scroll of fog {unknown}
 m - a scroll of immolation {unknown}
Potions
 d - 12 potions of blood
 k - a potion of brilliance {unknown}
 l - a potion of might {unknown}
 n - 3 potions of agility


   Skills:
 * Level 3.5 Short Blades
 - Level 2.1 Dodging
 + Level 6.4 Stealth
 - Level 2.0 Spellcasting
 + Level 6.1 Hexes


You had 5 spell levels left.
You knew the following spells:

 Your Spells              Type           Power        Failure   Level  Hunger
a - Corona                Hex            ###....      1%          1    #......
b - Ensorcelled Hibernat  Hex/Ice        ##....       8%          2    ###....

Your spell library contained the following spells:

 Spells                   Type           Power        Failure   Level  Hunger
 Confuse                  Hex            ###.....     4%          3    ###....
 Tukima's Dance           Hex            ###.....     4%          3    ###....
 Dazzling Spray           Conj/Hex       ##....       16%         3    ###....


Dungeon Overview and Level Annotations

Branches:
Dungeon (3/15)

Altars:
The Shining One

Annotations:
D:3 Natasha, Sigmund


Innate Abilities, Weirdness & Mutations

You have razor-sharp teeth.
You have supernaturally acute eyesight. (SInv)
You can survive without breathing.


Message History

The magic dart hits you!
The crimson imp blinks!
Natasha stares at you and mumbles some strange words.
You resist with some effort.
A hobgoblin comes into view.
The hobgoblin shouts!
You hear a shout!
The hobgoblin hits you. The hobgoblin hits you. Natasha casts a spell at you.
You feel yourself slow down. The hobgoblin barely misses you.
Sigmund misses you. The hobgoblin misses you. The hobgoblin hits you.
Sigmund points at you and mumbles some strange words.
The magic dart hits you!
There is a stone staircase leading up here.
The white imp disappears in a puff of smoke!
The hobgoblin hits you.
Sigmund hits you from afar with a +2 scythe of flaming!
You die...

#5# #........# ###.###. #.#
#.##.###.# #.# ## ######'##
#.##5###.## #^#
5..##.5.###.##h.....# #.##
##.#.....##.######..# #..###
#........#.# ##.#§h# #.....
##..........###...@.########.(♣♣♣
.'.............)g.............♣♣♣
##.........####.@.#.#########..♣.
##........## ##.##.# ##♣.♣
...#.....## ####.# ##♣♣♣
#####...## #.# #.♣♣♣ ##+## #.#
#.♣♣. #.# #.# #.♣♣. #### #.# #.#
##.♣♣ ...###.## #########.# ♣..♣
##.##...###.........# ##...


You could see Sigmund, Natasha and a hobgoblin.

Vanquished Creatures
  Ijyb (D:3)
  Natasha (twice) (D:3)
  6 adders
  An ooze (D:1)
  2 worms (D:2)
  A leopard gecko (D:3)
  A ball python (D:3)
  2 giant cockroaches
  9 goblins
  3 hobgoblins
  2 jackals (D:1)
  5 kobolds
  2 bats
  5 frilled lizards
  3 rats
45 creatures vanquished.

Notes
Turn   | Place    | Note
-------+----------+-------------------------------------------
     0 | D:1      | Matador8 the Vampire Enchanter began the quest for the Orb.
     0 | D:1      | Reached XP level 1. HP: 13/13 MP: 3/3
   107 | D:1      | Reached XP level 2. HP: 14/19 MP: 3/5
   111 | D:1      | Learned a level 2 spell: Ensorcelled Hibernation
   467 | D:1      | Reached skill level 5 in Stealth
   714 | D:2      | Reached skill level 5 in Hexes
   714 | D:2      | Reached XP level 3. HP: 24/24 MP: 3/6
   800 | D:2      | Found a glowing golden altar of the Shining One.
  1815 | D:3      | Noticed Natasha
  1843 | D:3      | Reached XP level 4. HP: 30/30 MP: 4/7
  1946 | D:3      | Killed Natasha
  2007 | D:3      | Noticed Sigmund
  2101 | D:3      | Noticed Natasha
  2148 | D:2      | HP: 1/30 [adder (2)]
  2704 | D:3      | Killed Natasha
  2704 | D:3      | Reached XP level 5. HP: 25/35 MP: 1/8
  2843 | D:3      | Noticed Ijyb
  2846 | D:3      | Killed Ijyb
  2876 | D:3      | Found a faded altar of an unknown god.
  2982 | D:3      | Noticed Natasha
  3058 | D:3      | Slain by Sigmund

Vault maps used:
D:1:      dpeg_arrival_pits
D:2:      nicolae_tso_carved_into_rock
D:3:      chequers_ecumenical_altar_grove, minmay_misc_feat_secret_circle,
          minmay_quadrilaterals, uniq_sigmund, uniq_natasha, uniq_ijyb,
          uniq_grinder

Skill      XL: |  1  2  3  4 |
---------------+-------------+-----
Stealth        | 5 6 |  6.4
Short Blades   | 2 3 |  3.5
Hexes          | 5 6 |  6.1
Dodging        | |  2.1
Spellcasting   | |  2.0

Action                   |  1- 3 |  4- 6 || total
-------------------------+-------+-------++-------
Melee: Dagger            |    86 |    28 ||   114
       Bite              |     5 |     1 ||     6
 Cast: Corona            |    18 |     5 ||    23
       Ensorcelled Hiber |    15 |    16 ||    31
 Abil: End Transformatio |       |     1 ||     1
       Bat Form          |       |     1 ||     1
  Use: Potion            |     2 |     9 ||    11
 Stab: Sleeping          |    15 |     9 ||    24
Armor: Robe              |    12 |     4 ||    16
Dodge: Dodged            |    56 |    31 ||    87

Table legend:
 A = Non-vault XP
 B = Vault XP
 C = Vault XP percentage of total XP
 D = Non-vault monster count
 E = Vault monster count
 F = Vault count percentage of total count
                 A         B        C        D         E       F
            +---------+---------+-------+---------+---------+-------
      Total |     187 |      72 |  27.8 |      43 |       2 |   4.4
            +---------+---------+-------+---------+---------+-------
        D:1 |      27 |       0 |   0.0 |      15 |       0 |   0.0
        D:2 |      67 |       0 |   0.0 |      15 |       0 |   0.0
        D:3 |      93 |      72 |  43.6 |      13 |       2 |  13.3
            +---------+---------+-------+---------+---------+-------
